[Event "26th Womens ECCC 2022"]
[Site "Mayrhofen"]
[Date "2022.10.03"]
[Round "1.11"]
[White "Djukic, Sandra"]
[Black "Osmak, Yuliia"]
[Result "0-1"]
[ECO "A05"]
[WhiteElo "2138"]
[BlackElo "2428"]
[Annotator "TA"]
[PlyCount "104"]
[EventDate "2022.10.03"]
[EventType "team-tourn"]
[EventCountry "AUT"]
[SourceTitle "playchess.com"]
[Source "ChessBase"]
[SourceQuality "1"]
[TimeControl "40/5400+30:1800+30"]

1. Nf3 Nf6 2. c4 e6 3. b3 d5 4. Bb2 Be7 5. g3 b6 6. Bg2 Bb7 7. O-O O-O 8. d3 c5 9. cxd5 exd5 {[%emt 0:06:31] A14: English Opening: 1...e6 with b3 by White.} 10. d4 {[%emt 0:05:35] The main line 10.d4 scores better than 10.Nbd2.} Nc6 11. Nc3 Re8 {[%emt 0:09:00] The position is equal.} 12. Rc1 Ba6 13. Re1 Ne4 14. Nxe4 dxe4 15. Ne5 {[%emt 0:01:10] [#]} Nxd4 $146 ({Predecessor:} 15... Nxe5 16. dxe5 Bg5 17. Rc2 Bb7 18. h4 Bh6 19. e3 Qxd1 20. Rxd1 Re7 21. Rcd2 Rae8 22. Bh3 g6 {0-1 (66) Bondarets,V (2323)-Sadzikowski,D (2455) Warsaw 2013}) 16. Bxd4 cxd4 17. Bxe4 Ba3 18. Bxa8 Bxc1 {[%emt 0:03:16] This bishop pair is nice.} 19. Bf3 {[%emt 0:11:06] [#] aiming for Nc6.} Bb2 20. Qc2 {[%emt 0:04:23] Black must now prevent Nxf7.} (20. Nc6 $5 Qf6 21. a4 $11) 20... Bc3 ({But not} 20... Rxe5 21. Qxb2 h6 22. Rc1 $11) 21. Rd1 Qf6 ({Don't do} 21... Rxe5 22. Qxc3 g6 23. Rxd4 $16) 22. Nd3 g6 23. Nf4 Qe5 24. Nd3 Qf5 25. Qc1 Kg7 26. Qa3 Qa5 27. Qxa5 bxa5 28. Kf1 Bc8 29. Kg2 {[%emt 0:01:24] Prevents Bh3+.} g5 {[%emt 0:03:17] Strongly threatening ...g4.} 30. h3 {[%emt 0:00:48] Prevents g4.} f5 31. g4 fxg4 32. hxg4 h5 33. gxh5 g4 34. Bd5 Rxe2 35. Nf4 Rxa2 36. Ne6+ Bxe6 37. Bxe6 $11 {[%emt 0:00:02][%mdl 4096] Endgame KRB-KRB} Rb2 38. Kg3 Kf6 39. Bc4 Kg5 40. Rh1 Bd2 41. h6 Bf4+ 42. Kg2 {[%emt 0:01:23] Hoping for h7.} g3 43. h7 (43. Rf1 $1 $11) 43... Rxf2+ $17 44. Kg1 {[%emt 0:00:02] [#]} Rh2 $1 {[%emt 0:10:16] ( -> ...Be3+)} 45. Rxh2 $4 {[%emt 0:04:08][%mdl 8192] Loses the game.} (45. Bd5 $17 Be5 46. Rxh2 gxh2+ 47. Kf2) 45... gxh2+ {[%emt 0:00:05] KB-KB} 46. Kg2 Be5 47. Bd5 d3 {[%emt 0:05:45] Black mates.} 48. Kf2 Kf4 49. Bc6 Bd4+ 50. Ke1 Ke3 51. Kd1 Bc3 52. Bb7 Kf2 {[%emt 0:00:38] Weighted Error Value: White=0.40/Black=0.03 (flawless)} 0-1

[Event "26th Womens ECCC 2022"]
[Site "Mayrhofen"]
[Date "2022.10.03"]
[Round "1.12"]
[White "Maltsevskaya, Aleksandra"]
[Black "Manova, Ivana"]
[Result "1-0"]
[ECO "C45"]
[WhiteElo "2389"]
[BlackElo "1876"]
[Annotator "TA"]
[PlyCount "139"]
[EventDate "2022.10.03"]
[EventType "team-tourn"]
[EventCountry "AUT"]
[SourceTitle "playchess.com"]
[Source "ChessBase"]
[SourceQuality "1"]
[TimeControl "40/5400+30:1800+30"]

1. e4 e5 2. Nf3 Nc6 3. d4 exd4 4. Nxd4 Nf6 5. Nxc6 bxc6 6. e5 Qe7 7. Qe2 Nd5 8. Nd2 a5 {[%emt 0:03:28] C45: Scotch Game.} 9. c4 Ba6 10. Qe4 Nb6 {[%emt 0:04:15] The position is equal.} (10... Nb4 {with more complications.} 11. a3 d5 12. Qb1 Qxe5+ 13. Be2 dxc4 14. axb4 c3) 11. Bd3 d5 {[%emt 0:09:17] [#]} 12. Qe2 $146 {[%emt 0:42:40] [#]} (12. exd6 $11 cxd6 13. O-O Qxe4 14. Nxe4) ({Predecessor:} 12. exd6 cxd6 13. b3 d5 14. Qxe7+ Bxe7 15. Bb2 O-O 16. O-O-O Bg5 17. Kb1 Bxd2 18. Rxd2 dxc4 {1-0 (47) Gonzalez Diaz,J (2259)-Mihelic,V (1745) Portoroz 2017}) 12... dxc4 $1 $19 13. Be4 {[%emt 0:08:16] [#]} Qc5 ({Black should play} 13... c3 $1 $17 14. Bxc6+ Nd7) 14. Qf3 (14. O-O $1 $11) 14... O-O-O $17 15. O-O (15. Qxf7 $2 c3 16. bxc3 Qxc3 $19) (15. Bxc6 $2 Qxe5+ 16. Qe4 Qf6 $19) 15... Qxe5 16. Re1 (16. Bxc6 $2 f5 17. Qc3 Qxc3 18. bxc3 Rd6 $19) (16. Nb1 $17) 16... Kb8 $19 17. Nf1 (17. Qc3 $17 {was necessary.} Qb5 18. a3) 17... Bb4 18. Bf4 Qf6 19. Qg3 Bd6 (19... Qxb2 20. Bxc7+ Kb7 21. Reb1 $16) (19... Bxe1 $19 20. Bxc7+ Kb7 21. Rxe1 Rde8) 20. Bxd6 $17 Rxd6 ({Don't play} 20... cxd6 $6 21. Bxc6 Kc7 22. Bf3 $15) 21. Qa3 Qg5 22. b4 (22. Bf3 $17) 22... a4 $19 23. b5 (23. Qb2 $142) 23... Bxb5 24. Bf3 (24. Qb4 $142) 24... Rd3 25. Qe7 Qxe7 26. Rxe7 Rd7 27. Re5 Nd5 28. Rb1 {[%emt 0:02:25] aiming for Bxd5.} Rhd8 29. Ne3 (29. Ree1 $142) 29... Nxe3 30. fxe3 Ka7 31. Kf2 Rd2+ 32. Kg3 Ka6 33. Re7 R8d7 34. Re8 Rd8 {[%emt 0:00:10] Against Ra8+} 35. Re7 R2d7 36. Re5 f6 37. Re6 Rd6 38. Re7 R8d7 39. Re8 Kb6 40. Ra8 Rd2 41. Rxa4 Kc5 42. Ra5 Kb6 $2 (42... c3 $19 43. a4 c2) 43. Ra8 $2 (43. Ra4 $1 $11) 43... c3 44. a4 c2 45. Rc1 Ba6 46. Rb8+ Bb7 {[%emt 0:02:02] Threatens to win with ...R7d3.} 47. Bg4 (47. Be4 $142 Ka7 48. Re8) 47... R7d3 48. Bc8 Rxe3+ 49. Kf4 Ra3 50. Rxb7+ Kc5 51. Rb2 $2 (51. Rxc7 Rf2+ 52. Kg4 (52. Ke4 $2 g5 $19)) 51... Rxa4+ $2 ({Better is} 51... Rc3 $19 {( -> ...g6)} 52. Kf5 Kd6 53. Rcxc2 Rdxc2 54. Rxc2 Rxc2) 52. Ke3 $11 Rxg2 {[%emt 0:00:18] Strongly threatening ...Ra3+.} 53. Rbxc2+ Rxc2 54. Rxc2+ {[%emt 0:00:00][%mdl 4096] Endgame KRB-KR} Kd6 55. Bf5 g6 56. Be4 c5 57. Rd2+ Ke6 58. Bd5+ Ke5 59. Bg8 Re4+ 60. Kf3 Rf4+ 61. Kg3 Rf1 (61... h6 $11 {deserves consideration.}) 62. Rd5+ $14 Ke4 63. Rxc5 h6 64. Bh7 {[%emt 0:00:00] White is more active.} Rg1+ 65. Kf2 Rd1 $2 (65... Rg4 $14) 66. Bxg6+ $18 Kf4 67. Rc4+ Kg5 68. Bc2 {[%emt 0:00:00] White threatens h4+ and mate.} Rd2+ 69. Kg3 {[%emt 0:00:00] Threatening mate with Rg4+.} Rd5 $2 (69... f5 $18 70. Rc5 Kf6 71. Bxf5 Rd1) 70. Rg4+ {[%emt 0:00:00] Quite a comeback for White.  Weighted Error Value: White=0.46/Black=0.31} 1-0

[Event "26th Womens ECCC 2022"]
[Site "Mayrhofen"]
[Date "2022.10.03"]
[Round "1.13"]
[White "Mammadzada, Gunay"]
[Black "Enkhtuul, Altan-Ulzii"]
[Result "1/2-1/2"]
[ECO "C09"]
[WhiteElo "2483"]
[BlackElo "2295"]
[Annotator "TA"]
[PlyCount "78"]
[EventDate "2022.10.03"]
[EventType "team-tourn"]
[EventCountry "AUT"]
[SourceTitle "playchess.com"]
[Source "ChessBase"]
[SourceQuality "1"]
[TimeControl "40/5400+30:1800+30"]

1. e4 e6 2. d4 d5 3. Nd2 c5 4. Ngf3 Nc6 5. exd5 exd5 6. Bb5 cxd4 7. O-O Bd6 8. Nb3 Nge7 9. h3 O-O 10. Nbxd4 a6 {[%emt 0:01:04] [#] Strongly threatening ...Nxd4. C09: French Tarrasch: 3...c5 4 exd5 exd5 5 Ngf3 Nc6.} 11. Bd3 Nxd4 12. Nxd4 {[%emt 0:00:05] [#]} Bc7 $146 ({Predecessor:} 12... Nc6 13. Be3 Ne5 14. Be2 Nc4 15. Bc1 Bc7 16. b3 Ne5 17. f4 Nc6 18. Nxc6 bxc6 {0-1 (42) Osmanodja,F (2348)-Cosma,E (2328) Batumi 2018}) 13. Qh5 g6 14. Qh4 Nc6 (14... Qd6 {looks sharper.} 15. g3 Nc6 16. Bh6 Re8) 15. Qxd8 (15. Nf3 {with more complications.} Ne5 16. Ng5 h5 17. Bf4) 15... Rxd8 16. Nb3 Kg7 17. Bg5 f6 18. Bd2 Be5 19. Rab1 b5 20. Rfe1 Bd6 21. Be3 Kf7 22. Rbd1 Nb4 23. Bc5 Nxd3 24. cxd3 Bxc5 25. Nxc5 Ra7 26. d4 a5 27. Rd3 Bf5 28. Rde3 h5 29. h4 a4 30. a3 b4 31. f3 ({Of course not} 31. axb4 Rb8 $11) 31... Rb8 32. Kf2 bxa3 33. bxa3 Rb2+ 34. R3e2 Rb3 35. Re3 {[%emt 0:03:10] White is more active.} ({White must play} 35. Nxb3 $16 axb3 36. a4) 35... Rb2+ $11 36. R1e2 Rb1 37. Re1 {[%emt 0:04:29] Against Rd1} (37. Nxa4 $5 Bd3 38. Rxd3 Rxa4 39. Rc2 $14) 37... Rb2+ 38. R3e2 ({White should play} 38. R1e2 $11 Rc2 39. Rxc2 Bxc2 40. Kg3) 38... Rb3 $1 $16 39. Re3 ({Better is} 39. Nxb3 $16 axb3 40. a4) 39... Rb1 {Weighted Error Value: White=0.13 (very precise) /Black=0.07 (flawless)} (39... Rb2+ $11 40. R3e2) 1/2-1/2

[Event "26th Womens ECCC 2022"]
[Site "Mayrhofen"]
[Date "2022.10.03"]
[Round "1.14"]
[White "Klek, Hanna Marie"]
[Black "Fataliyeva, Ulviyya"]
[Result "0-1"]
[ECO "C02"]
[WhiteElo "2301"]
[BlackElo "2422"]
[Annotator "TA"]
[PlyCount "74"]
[EventDate "2022.10.03"]
[EventType "team-tourn"]
[EventCountry "AUT"]
[SourceTitle "playchess.com"]
[Source "ChessBase"]
[SourceQuality "1"]
[TimeControl "40/5400+30:1800+30"]

1. e4 {[%emt 0:00:03] Moradiabadi,E} e6 2. d4 d5 3. e5 c5 4. c3 Qb6 5. Nf3 Bd7 6. Bd3 cxd4 {[%emt 0:00:05] C02: French: Advance Variation.} 7. Nxd4 {[%emt 0:00:06] The modern move.} Bc5 8. O-O Bxd4 {[%emt 0:00:04] The position is equal.} 9. cxd4 Qxd4 {[%emt 0:00:04] Threatening ...Nc6.} 10. Nc3 {[%emt 0:02:30] [#] aiming for Nb5.} Nc6 $146 ({Predecessor:} 10... a6 11. Re1 Bc6 12. Ne2 Qg4 13. h3 Qh5 14. Bf4 Bb5 15. Qb3 Ne7 16. Bxb5+ axb5 17. Qxb5+ {1-0 (56) Grischuk,A (2746)-Morozevich,A (2694) Khanty-Mansiysk 2011 CBM 145 [Moradiabadi,E]}) 11. Nb5 Qxe5 12. Re1 Qb8 13. Qg4 $1 Kf8 {[%emt 0:00:05] White should prevent ...h5.} (13... Ne5 $2 14. Qxg7 Nxd3 15. Qxh8 Bxb5 16. Qxg8+ Ke7 17. Bg5+ Kd6 18. Qxf7 $18) 14. Bf4 $36 {[%emt 0:07:51][%mdl 2048] White has some pressure.} e5 15. Qxd7 Nf6 16. Qd6+ (16. Qc7 exf4 17. Qd6+ Qxd6 18. Nxd6 g6 $17) (16. Bxe5 $5 Nxd7 17. Bd6+ Kg8 18. Bxb8 Rxb8 19. Rad1 $11) 16... Qxd6 17. Nxd6 exf4 18. Rac1 Rb8 19. Nxb7 {[%emt 0:01:30][%mdl 64] Remove Defender} Rxb7 (19... Nb4 $11 {remains equal.} 20. Bb1 g6) 20. Rxc6 $16 {[%emt 0:00:13] White threatens Rc8+ and mate.} Re7 21. Rxe7 (21. Rc8+ $16 Ne8 22. Kf1) 21... Kxe7 {[%emt 0:00:04][%mdl 4096] Endgame KRB-KRN} 22. Rc7+ Ke6 23. Rxa7 Rb8 24. b3 f3 25. Rc7 Nh5 26. g3 {[%emt 0:08:13] Against Nf4} (26. Bxh7 $2 g6 27. Rc6+ (27. gxf3 $2 Rh8 $17) 27... Kd7 $19) 26... Nf6 27. Kf1 Ng4 28. Ke1 (28. Bxh7 $2 Rh8 29. Rc6+ Ke5 $19) (28. Rc6+ $11 Ke7 29. Bf5 (29. Bxh7 $2 g6 $19)) 28... Kd6 $17 29. Ra7 Re8+ 30. Kd2 f5 31. Bb5 {[%emt 0:06:45] [#]} Re5 32. b4 (32. Rxg7 $6 Nxf2 33. a4 (33. Rxh7 Ne4+ 34. Kc2 f2 $15) 33... h5 $11) (32. a4 $17 {keeps fighting.}) 32... Nxf2 $19 33. a4 (33. Ra6+ {might work better.} Kc7 34. Rc6+ Kb8 35. Rb6+ Ka7 36. Ra6+ Kb7 37. Ra3 Ne4+ 38. Kc2) 33... Re4 34. Rxg7 {[%emt 0:01:38] [#]} Ng4 $1 35. h3 (35. Rg5 $142 Ke5 36. Bd3) 35... Nh2 {[%emt 0:02:08] And now ...f2 would win.} 36. g4 ({But not} 36. Rd7+ $2 Ke6 37. g4 (37. Rxh7 $2 f2 $19) 37... fxg4 38. hxg4 f2 39. Rxh7 f1=Q 40. Bxf1 Nxf1+ 41. Kc3 Rc4+ 42. Kb3 Nd2+ 43. Kb2 d4 $19) 36... Rxb4 (36... f2 $142 37. Rd7+ (37. gxf5 $2 Rc4 $19) 37... Ke5) 37. gxf5 $2 {[%emt 0:03:41] [#]} (37. Rd7+ Kc5 38. Rc7+ Kd4 39. Rf7 (39. gxf5 $2 f2 $19)) 37... Rxb5 $1 {[%emt 0:00:53][%mdl 512] Weighted Error Value: White=0.47/Black=0.19 (very precise)} 0-1

[Event "26th Womens ECCC 2022"]
[Site "Mayrhofen"]
[Date "2022.10.03"]
[Round "1.15"]
[White "Mammadova, Gulnar"]
[Black "Navrotescu, Andreea"]
[Result "0-1"]
[ECO "B69"]
[WhiteElo "2389"]
[BlackElo "2287"]
[Annotator "TA"]
[PlyCount "118"]
[EventDate "2022.10.03"]
[EventType "team-tourn"]
[EventCountry "AUT"]
[SourceTitle "playchess.com"]
[Source "ChessBase"]
[SourceQuality "1"]
[TimeControl "40/5400+30:1800+30"]

1. e4 c5 2. Nf3 d6 3. d4 cxd4 4. Nxd4 Nf6 5. Nc3 Nc6 6. Bg5 e6 7. Qd2 a6 8. O-O-O Bd7 9. f4 Be7 10. Nf3 b5 11. Bxf6 gxf6 12. f5 Qb6 13. Kb1 O-O-O 14. Bd3 {[%emt 0:01:49] B69: Sicilian: Richter-Rauzer: 7...a6 8 0-0-0 Bd7 9 f4 Be7 10 Nf3 b5 11 Bxf6.} Kb8 15. Ne2 Ne5 16. Nf4 {[%emt 0:06:33] White is slightly better.} Bc8 17. Rhe1 Rhe8 ({Black should play} 17... d5 $11) 18. fxe6 fxe6 19. Bf1 {[%emt 0:00:33] [#]} d5 $146 ({Predecessor:} 19... Qc5 20. Re3 Bf8 21. Rc3 Qb6 22. Nh5 d5 23. Nxe5 fxe5 24. Rd3 Be7 25. exd5 exd5 26. Rxd5 {½-½ (42) Dragomirescu,R (2353)-Bida,M (2141) Brasov 2011}) 20. exd5 Nxf3 21. gxf3 e5 {[%emt 0:00:10][%mdl 64] Deflection} 22. Nd3 Bf8 23. Bg2 Rxd5 ({Black should try} 23... Bf5 $11) 24. f4 $14 Rd4 25. fxe5 fxe5 26. Qf2 Qd6 {[%emt 0:08:57] [#]} 27. Nc1 $1 {[%emt 0:06:42] And now Rxd4 would win.} Rxd1 28. Rxd1 Qc5 29. Qg3 Bh6 (29... Bf5 $2 30. Nd3 Qc8 31. Rf1 Bxd3 32. cxd3 $18 (32. Qxd3 e4 $16)) 30. Nd3 Qe3 31. Qh4 Rg8 (31... e4 $11 32. Re1 Qg5 33. Rxe4 Rg8 34. Qxg5 Rxg5) 32. Re1 (32. Nb4 $5 Qe2 33. Re1 Qxg2 34. Qxh6 $14) 32... Qg5 33. Qb4 {[%emt 0:01:31][%mdl 8192] Now White is beyond hope.} (33. Qf2 $11 Qxg2 34. Qb6+ Bb7 35. Qxh6) 33... Bf8 $19 {[%emt 0:01:18] A strong pair of Bishops.} ({Weaker is} 33... Qxg2 34. Qd6+ Ka8 35. Qxh6 $14) 34. Qc3 {[%emt 0:05:55] Bd5 is the strong threat.} Qxg2 35. Nxe5 Bd6 36. a4 bxa4 37. Nc6+ Ka8 38. Rd1 Be6 {[%emt 0:02:08][%cal Og8c8] Strongly threatening ...Rc8!} 39. b3 (39. Qe3 $142 Qxc6 40. Qxe6) 39... Bd5 (39... Bf4 $142 40. Qc5 {[#]} Be3 $1 41. Qxe3 Qxc6) 40. Qd3 Bxc6 41. Qxa6+ Kb8 42. Rxd6 Rc8 43. bxa4 $2 (43. Kb2) 43... Qg1+ $2 (43... Kc7 {( -> ...Rb8+)} 44. Qd3 Rb8+ 45. Ka2 Qg8+ 46. c4 Rb4 47. Rxc6+ Kxc6 48. Qf3+ Kc5 49. Qf5+ Kxc4 50. Qc2+ Kd4+ 51. Ka3 Qf8) 44. Kb2 Qc5 {[%emt 0:00:00] aiming for ...Kc7.} 45. Rf6 $2 (45. Rd2) 45... Qd4+ {[%emt 0:00:00] Black is clearly winning.} 46. Kb1 Qb4+ ({And not} 46... Qxf6 47. Qb6+ Ka8 48. Qa6+ Kb8 49. Qb6+ Ka8 50. Qa6+ Kb8 $11) 47. Kc1 {[%emt 0:00:00] [#]} Re8 $1 48. Rf1 Bxa4 49. Qd3 Rc8 50. Qg3+ Ka8 51. Qf3+ Bc6 52. Qh3 Rc7 53. Qg3 Kb7 54. Rd1 Be4 55. Rd2 Qa4 56. Kd1 Bxc2+ 57. Ke1 Qa1+ 58. Ke2 Re7+ 59. Kf3 Qc3+ {[%emt 0:00:00] Weighted Error Value: White=0.57/Black=0.29 (precise)} 0-1

[Event "26th Womens ECCC 2022"]
[Site "Mayrhofen"]
[Date "2022.10.03"]
[Round "1.16"]
[White "Thomas, Apolline"]
[Black "Balajayeva, Khanim"]
[Result "0-1"]
[ECO "C86"]
[WhiteElo "1942"]
[BlackElo "2384"]
[Annotator "TA"]
[PlyCount "60"]
[EventDate "2022.10.03"]
[EventType "team-tourn"]
[EventCountry "AUT"]
[SourceTitle "playchess.com"]
[Source "ChessBase"]
[SourceQuality "1"]
[TimeControl "40/5400+30:1800+30"]

1. e4 e5 2. Nf3 Nc6 3. Bb5 a6 4. Ba4 Nf6 5. O-O Be7 6. Qe2 b5 7. Bb3 O-O 8. c3 d5 9. d3 Re8 10. Rd1 {[%emt 0:08:07] C86: Closed Ruy Lopez: Worrall Attack.} Be6 11. Nbd2 Bf8 12. Nf1 {[%emt 0:01:48] The position is equal.} h6 13. Ng3 Qd7 14. h3 Rad8 15. Be3 Qc8 {[%emt 0:03:51] [#]} 16. a4 $146 {[%emt 0:12:14][%mdl 8192] White does not recover from this.} (16. Bd2 $11 {and White is okay.}) ({Predecessor:} 16. Rac1 a5 17. Bc2 dxe4 18. dxe4 Bc4 19. Bd3 Bxd3 20. Rxd3 Rxd3 21. Qxd3 Qb7 22. Nd2 {1-0 (86) Bortnyk,O (2610)-Kleiman,J (2399) Chess.com INT 2018}) 16... dxe4 $19 17. Bxe6 exf3 ({Weaker is} 17... Rxe6 18. dxe4 Rxd1+ 19. Qxd1 $14) 18. Bxf7+ Kxf7 19. Qxf3 Re6 20. axb5 axb5 21. d4 (21. Ne4 {was worth a try.}) 21... exd4 22. cxd4 Nb4 {[%emt 0:00:41] Prevents d5.} 23. Ra5 Qd7 24. Rc1 c6 ({Not} 24... Kg8 $2 25. Raa1 $19) 25. Rca1 {[%emt 0:00:37] [#] Black must now prevent Ra7.} Qd5 {[%emt 0:00:32] Black is clearly winning.} 26. Ra7+ Kg8 27. Qf4 Nc2 28. R1a6 Nxd4 29. Rb7 {[%emt 0:00:56] [#]} Ne2+ $1 30. Nxe2 Qd1+ {[%emt 0:00:02] Weighted Error Value: White=1.11/Black=0.29 (precise)} 0-1

[Event "26th Womens ECCC 2022"]
[Site "Mayrhofen"]
[Date "2022.10.03"]
[Round "1.17"]
[White "Salimova, Nurgyul"]
[Black "Mayrhuber, Nikola"]
[Result "0-1"]
[ECO "A05"]
[WhiteElo "2415"]
[BlackElo "2117"]
[Annotator "TA"]
[PlyCount "120"]
[EventDate "2022.10.03"]
[EventType "team-tourn"]
[EventCountry "AUT"]
[SourceTitle "playchess.com"]
[Source "ChessBase"]
[SourceQuality "1"]
[TimeControl "40/5400+30:1800+30"]

1. Nf3 Nf6 2. c4 e6 3. g3 d5 4. d4 Bb4+ 5. Bd2 Be7 6. Bg2 O-O 7. O-O b6 8. Bg5 {[%emt 0:03:29] E11: Bogo-Indian.} Bb7 9. Qc2 Nbd7 10. Nc3 {[%emt 0:04:31] The position is equal.} h6 11. Bxf6 Nxf6 12. Ne5 {[%emt 0:00:35] [#]} c5 $146 ({Predecessor:} 12... Rc8 13. Nb5 Ra8 14. cxd5 Nxd5 15. Nc6 Qd7 16. Nxe7+ Qxe7 17. Nxc7 Nb4 18. Qb3 Bxg2 19. Kxg2 Qxc7 20. Qxb4 {1-0 (38) Adhithya,S (2083)-Pimpalkhare,V (1900) Rajahmundry 2016}) 13. dxc5 bxc5 14. cxd5 exd5 15. Rfd1 Qc7 16. Nd3 Rfd8 17. Nf4 d4 18. Bxb7 Qxb7 19. Na4 Rac8 20. b3 Qd7 21. Qc4 (21. Nd3 $142) 21... Bd6 $17 22. Ng2 {[%emt 0:08:49] This move loses the game for White.} (22. e3 $17 {might work better.}) 22... Qh3 $19 23. Ne1 $2 (23. f3 Nh5 24. Qd3) 23... Re8 ({Weaker is} 23... Ng4 24. Nf3 $17) 24. Nf3 {[%emt 0:01:24] [#]} Ng4 $1 25. Rac1 {[%emt 0:05:00] [#]} (25. Qa6 $142 Rcd8 26. Qd3) 25... Bxg3 $1 26. hxg3 {[%emt 0:01:54] [#]} Re5 $1 27. Qa6 {[%emt 0:10:37] [#]} Rh5 $1 28. Qxc8+ Kh7 29. Ng5+ Rxg5 30. Qxg4 Qxg4 31. Rxc5 Qxe2 32. Rxd4 {[%emt 0:01:05] [#]} Rxg3+ 33. fxg3 Qe3+ 34. Kg2 {[%emt 0:00:45] aiming for Rf4.} Qxd4 {[%emt 0:00:04][%mdl 4096] Endgame KQ-KRN} 35. Rf5 Qe4+ 36. Rf3 Qc2+ 37. Rf2 Qc6+ 38. Kh2 Kg6 39. Nb2 Qc5 40. Rd2 (40. Nd3 $142 Qh5+ 41. Kg2 Qd5+ 42. Rf3) 40... f5 {[%emt 0:01:04] Strongly threatening ...Kh5.} 41. Nc4 Kh5 {[%emt 0:07:09] And now ...g5 would win.} 42. Re2 g5 43. Kg2 Qd5+ 44. Kh2 Qf3 {[%emt 0:01:29] Against Rf2} 45. Rg2 Qe4 46. Nd6 Qd5 47. Nc4 f4 48. gxf4 gxf4 49. Rf2 Kg4 50. Rg2+ Kf5 51. Rd2 Qf3 {[%emt 0:01:19] Threatens to win with ...Qg3+.} 52. Nd6+ Kf6 (52... Ke6 $142 53. Ne4 Qxe4 54. Rf2 Ke5 55. a3 f3 56. Ra2 Kf4 57. Rb2 {[#]} Qe2+ $3 58. Rxe2 fxe2 59. Kg2 e1=Q 60. Kh2 Qg3+ 61. Kh1 Kf3 62. b4 Qg2#) 53. Nc4 h5 (53... Qg3+ $142 54. Kh1 f3 55. Nd6 Qe1+ 56. Kh2 Qxd2+ 57. Kg3 Qxd6+ 58. Kxf3 Qd3+ 59. Kf4 h5 60. a3 h4 61. b4 h3 62. b5 h2 63. b6 h1=Q 64. bxa7 Qh4#) 54. Rg2 h4 {[%emt 0:01:58][%cal Bh5h4,Bh4h3][%mdl 32] ( -> ...Qd3)} 55. Rg6+ Kf5 56. Rg2 h3 57. Rd2 Qg3+ {[%emt 0:02:11] Black mates.} 58. Kh1 f3 59. Nd6+ Kg6 60. Nc4 f2 {[%emt 0:00:46] Weighted Error Value: White=0.89/Black=0.55} 0-1

[Event "26th Womens ECCC 2022"]
[Site "Mayrhofen"]
[Date "2022.10.03"]
[Round "1.18"]
[White "Schloffer, Jasmin-Denise"]
[Black "Roebers, Eline"]
[Result "0-1"]
[ECO "D10"]
[WhiteElo "2086"]
[BlackElo "2352"]
[Annotator "TA"]
[PlyCount "74"]
[EventDate "2022.10.03"]
[EventType "team-tourn"]
[EventCountry "AUT"]
[SourceTitle "playchess.com"]
[Source "ChessBase"]
[SourceQuality "1"]
[TimeControl "40/5400+30:1800+30"]

1. d4 d5 2. c4 c6 3. cxd5 cxd5 4. Bf4 Nc6 5. Nf3 Nf6 6. Nc3 Nh5 7. Bg5 h6 {[%emt 0:01:14] D13: Slav Defence: Exchange variation without ...Bf5.} 8. Bh4 g5 9. Bg3 Bg7 {[%emt 0:00:04] The position is equal.} 10. e3 e6 11. Rc1 Nxg3 12. hxg3 Bd7 13. Bd3 Rc8 14. a3 {[%emt 0:11:03] [#]} O-O $146 ({Predecessor:} 14... a6 15. g4 {½-½ (15) Flumbort,A (2530)-Varga,Z (2440) Budapest 2012}) 15. g4 Na5 16. O-O Nc4 17. Qe2 Nd6 18. Rfd1 Bc6 19. Ne5 f6 (19... Qb6 $11) 20. Nxc6 $16 bxc6 21. e4 Qd7 22. Bb1 dxe4 23. Nxe4 ({Don't play} 23. Bxe4 $6 f5 24. Bc2 fxg4 $14) 23... Nxe4 24. Qxe4 (24. Ba2 $16) 24... f5 $14 25. gxf5 exf5 26. Ba2+ Kh8 27. Be6 ({Better is} 27. Qd3 $11) 27... fxe4 $15 28. Bxd7 Rcd8 $36 {[%emt 0:00:12][%mdl 2048] Black is pushing.} 29. Bxc6 Bxd4 30. Bxe4 $2 {[%emt 0:06:44][%mdl 8192] This move loses the game for White.} (30. Kh2 $1 $15) 30... Bxf2+ $19 {[%emt 0:00:21] Black is clearly winning.} 31. Kf1 {[%emt 0:00:32] [#] Rxd8 is the strong threat.} Bb6+ 32. Bf3 Rxd1+ 33. Rxd1 g4 $1 34. Rd6 gxf3 35. gxf3 Rxf3+ 36. Kg2 Rf2+ 37. Kg3 Rxb2 {[%emt 0:00:09] Weighted Error Value: White=0.80/Black=0.10 (very precise)} 0-1

[Event "26th Womens ECCC 2022"]
[Site "Mayrhofen"]
[Date "2022.10.03"]
[Round "1.19"]
[White "Heinemann, Josefine"]
[Black "Schnegg, Anna-Lena"]
[Result "1/2-1/2"]
[ECO "C41"]
[WhiteElo "2318"]
[BlackElo "2154"]
[Annotator "TA"]
[PlyCount "62"]
[EventDate "2022.10.03"]
[EventType "team-tourn"]
[EventCountry "AUT"]
[SourceTitle "playchess.com"]
[Source "ChessBase"]
[SourceQuality "1"]
[TimeControl "40/5400+30:1800+30"]

1. e4 e5 2. Nf3 d6 3. d4 exd4 4. Nxd4 Nf6 5. Nc3 Be7 6. g3 O-O 7. Bg2 {[%emt 0:01:57] C41: Philidor Defence.} Bg4 8. f3 Bd7 9. O-O {[%emt 0:01:00] White is slightly better.} Nc6 10. Nde2 Qc8 11. Nf4 {[%emt 0:06:38] [#]} Re8 $146 ({Predecessor:} 11... Ne5 12. b3 Re8 13. Bb2 Bf8 14. a4 c6 15. Qd2 Qc7 16. Nce2 Rad8 17. Kh1 d5 18. exd5 Nxd5 19. Nxd5 cxd5 {½-½ (33) Ni,S (2450)-Ren,X (2262) China 2017}) 12. Be3 Ne5 13. b3 c6 14. a4 Ng6 15. Qd2 Nxf4 16. Bxf4 d5 17. exd5 Bb4 18. Qd4 ({Wrong is} 18. d6 $2 Nd5 19. Qf2 Bxc3 $19) 18... Bxc3 19. Qxc3 Nxd5 20. Qd4 Nxf4 21. Qxf4 Re2 22. Rf2 Rxf2 23. Kxf2 Bf5 24. Qd2 Qd8 25. Rd1 Qb6+ 26. Kf1 h6 27. Qc3 Re8 28. Rd2 (28. a5 $11 Qb5+ 29. Kg1) 28... Qa6+ 29. Kf2 Qb6+ 30. Kf1 $1 Qa6+ (30... Re3 $17 31. Qc4 Qa5) 31. Kf2 $11 Qb6+ {Weighted Error Value: White=0.14 (very precise) /Black=0.19 (very precise)} 1/2-1/2